 Dungeon Crawl Stone Soup version 0.24.1-4-ge52af88ad5 (webtiles) character file.

Game seed: 7491478501442564167, levelgen mode: deterministic

274 nightchill the Vandal (level 6, -2/42 HPs)
             Began as a Halfling Hunter on Apr 15, 2020.
             Slain by a hornet zombie (9 damage)
             ... on level 4 of the Dungeon.
             The game lasted 00:11:19 (3548 turns).

nightchill the Vandal (Halfling Hunter)             Turns: 3548, Time: 00:11:19

Health: -2/42      AC:  6    Str: 15    XL:     6   Next: 49%
Magic:  6/6        EV: 13    Int:  9    God:
Gold:   173        SH:  0    Dex: 15    Spells: 5/5 levels left

rFire    . . .     SeeInvis .   a - +0 dagger (venom)
rCold    . . .     Gourm    .   (shield restricted)
rNeg     . . .     Faith    .   t - +0 ring mail
rPois    .         Spirit   .   (no helmet)
rElec    .         Reflect  .   l - +0 cloak
rCorr    .         Harm     .   (no gloves)
MR       .....                  (no boots)
Stlth    +.........             (no amulet)
HPRegen  0.14/turn              (no ring)
MPRegen  0.10/turn              (no ring)

@: hasted, very quick
A: small, mutation resistance 1
a: no special abilities


You were on level 4 of the Dungeon.
You were not hungry.

You visited 1 branch of the dungeon, and saw 4 of its levels.

You collected 173 gold pieces.

Inventory:

Hand Weapons
 a - a +0 dagger of venom (weapon)
 b - a +1 hunting sling
 r - a +0 short sword
Missiles
 d - 20 sling bullets
 g - 21 poisoned darts
 n - 174 stones (quivered)
Armour
 c - a +0 leather armour
 l - a +0 cloak (worn)
 p - a +0 buckler
 t - a +0 ring mail (worn)
Wands
 q - a wand of polymorph (7)
 u - a wand of acid (7)
Scrolls
 i - a scroll of remove curse {unknown}
 o - 3 scrolls of teleportation {unknown}
 s - a scroll of enchant armour {unknown}
 v - a scroll of fog {unknown}
 w - 3 scrolls of fear {unknown}
 y - a scroll of immolation {unknown}
Potions
 e - a potion of agility {unknown}
 h - a potion of ambrosia {unknown}
 j - a potion of resistance {unknown}
 k - 3 potions of flight {unknown}
Comestibles
 f - 6 rations
 x - 5 chunks of flesh


   Skills:
 + Level 3.2 Fighting
 * Level 5.0 Short Blades
 + Level 7.2 Slings
 - Level 2.1 Dodging
 - Level 1.1 Stealth


You had 5 spell levels left.
You didn't know any spells.
Your spell library contained the following spells:

 Spells                   Type           Power        Failure   Level  Hunger
 Beastly Appendage        Tmut           #.....       63%         1    ##.....
 Sticks to Snakes         Tmut           #.......     77%         2    ###....
 Spider Form              Tmut/Pois      #.........   94%         3    ####...
 Ice Form                 Ice/Tmut       #.......     100%        4    #####..
 Blade Hands              Tmut           #.........   100%        5    ######.


Dungeon Overview and Level Annotations

Branches:
Dungeon (4/15)
 Temple: D:4-7

Altars:
Qazlal
Trog

Annotations:
D:3 2 transporters, exclusion: 3 downstairs, harkrass's ghost, amateur MiFi


Innate Abilities, Weirdness & Mutations

You are small and have problems with some larger weapons.
You are somewhat resistant to further mutation.


Message History

The hornet zombie is lightly damaged.
The hornet zombie hits you!
You hit the hornet zombie but do no damage.
The hornet zombie is lightly damaged.
The hornet zombie hits you.
You hit the hornet zombie but do no damage.
The hornet zombie is lightly damaged.
The hornet zombie misses you.
You hit the hornet zombie.
The hornet zombie is lightly damaged.
You closely miss the hornet zombie.
The hornet zombie is lightly damaged.
The hornet zombie hits you!
* * * LOW HITPOINT WARNING * * *
The hornet zombie misses you. The hornet zombie barely misses you.
The hornet zombie hits you.
* * * LOW HITPOINT WARNING * * *
You feel yourself speed up. The hornet zombie hits you!
You die...

######.# .......
...... ###...###
#E#...#E###
####...###.#
##..........#
#.#######....._.....##
#......@Z............#
...###.######...####.#
# #.# #E#...#E# .
#..###.######...#####.
#.........(...).......
##.###.#####...######.
#.# #...######.## #.#
#...........# #.#
#...........#


You could see a hornet zombie.

Vanquished Creatures
  An ogre (D:4)
  A hound (D:4)
  Ijyb (D:3)
  5 adders
  4 worms
  A dart slug (D:4)
  2 leopard geckos (D:4)
  5 orcs (D:4)
  6 bats
  2 giant cockroaches (D:2)
  10 goblins
  8 hobgoblins
  5 kobolds
  2 quokkas (D:2)
  3 ball pythons
  3 frilled lizards
  A leopard gecko skeleton (D:4)
  A quokka skeleton (D:4)
  6 rats
67 creatures vanquished.

Notes
Turn   | Place    | Note
-------+----------+-------------------------------------------
     0 | D:1      | nightchill the Halfling Hunter began the quest for the Orb.
     0 | D:1      | Reached XP level 1. HP: 14/14 MP: 1/1
   240 | D:1      | Reached skill level 1 in Short Blades
   416 | D:1      | Reached skill level 6 in Slings
   416 | D:1      | Reached XP level 2. HP: 19/19 MP: 2/2
   824 | D:2      | Reached XP level 3. HP: 20/24 MP: 3/3
  1175 | D:2      | Reached XP level 4. HP: 30/30 MP: 4/4
  1898 | D:3      | Noticed Ijyb
  1907 | D:3      | Killed Ijyb
  1907 | D:3      | Reached XP level 5. HP: 35/35 MP: 5/5
  2017 | D:3      | Found a bloodstained altar of Trog.
  2217 | D:3      | Found a transporter.
  2222 | D:3      | Noticed harkrass's ghost (amateur MiFi)
  2234 | D:3      | Found a transporter.
  2691 | D:4      | Noticed an ogre
  2865 | D:4      | Noticed an ogre
  3237 | D:4      | Killed an ogre
  3237 | D:4      | Reached skill level 7 in Slings
  3237 | D:4      | Reached XP level 6. HP: 23/42 MP: 6/6
  3425 | D:4      | Found a stormy altar of Qazlal.
  3427 | D:4      | Noticed a fire elemental
  3427 | D:4      | Noticed a water elemental
  3427 | D:4      | Noticed an air elemental
  3481 | D:4      | Reached skill level 5 in Short Blades
  3548 | D:4      | Slain by a hornet zombie

Levels and vault maps discovered:
D:1:      lightli_arrival_farm, layout_basic
D:2:      minmay_diamond_boxcup, layout_loops_ring
D:3:      layout_rooms, gammafunk_ghost_stat_death, trog_hazing_becter,
          uniq_ijyb
D:4:      layout_basic, first_ration, nicolae_qazlal_style_of_elements

Skill      XL: |  1  2  3  4  5  6 |
---------------+-------------------+-----
Short Blades   | 1 2 3 4 5 |  5.0
Slings         | 6 7 |  7.2
Fighting       | 2 3 |  3.2
Dodging        | |  2.1
Stealth        | |  1.1

Action                   |  1- 3 |  4- 6 || total
-------------------------+-------+-------++-------
Melee: Short sword       |    73 |    87 ||   160
       Dagger            |       |    79 ||    79
 Fire: Hunting sling     |    12 |    11 ||    23
Throw: Stone             |       |     9 ||     9
  Use: Potion            |       |     1 ||     1
 Stab: Sleeping          |     2 |     2 ||     4
  Eat: Chunk             |     1 |     7 ||     8
Armor: Leather armour    |    22 |    30 ||    52
       Ring mail         |       |    25 ||    25
Dodge: Dodged            |    66 |   144 ||   210
